 Dungeon Crawl Stone Soup version 0.23.2-1-ga50397a6bc (webtiles) character file.

Game seed: 16946484790781407992

2898 MrMeerkat the Slasher (level 9, -3/78 HPs)
             Began as a Minotaur Berserker on May 28, 2019.
             Was an Elder of Trog.
             Slain by an orc wizard
             ... wielding a +1 dagger of electrocution
              (20 damage)
             ... on level 6 of the Dungeon on May 30, 2019.
             The game lasted 00:58:25 (5397 turns).

MrMeerkat the Slasher (Minotaur Berserker)          Turns: 5397, Time: 00:58:25

Health: -3/78      AC: 11    Str: 24    XL:     9   Next: 49%
Magic:  8/8        EV: 10    Int:  4    God:    Trog [****..]
Gold:   290        SH:  0    Dex: 11    Spells: 8/8 levels left

rFire    + . .     SeeInvis .   x - +6 flail (holy)
rCold    + . .     Gourm    +   (no shield)
rNeg     . . .     Faith    .   A - +1 chain mail {rPois}
rPois    +         Spirit   .   (helmet restricted)
rElec    .         Reflect  .   (no cloak)
rCorr    .         Harm     .   (no gloves)
MR       ++...                  (no boots)
Stlth    ..........             k - amulet of the gourmand
HPRegen  1.23/turn              d - ring of protection from cold
MPRegen  0.11/turn              m - ring of protection from fire

@: berserk cooldown, regenerating, slowed, very slow
A: retaliatory headbutt, horns 2
a: Berserk, Trog's Hand, Brothers in Arms, Renounce Religion


You were on level 6 of the Dungeon.
You worshipped Trog.
Trog was greatly pleased with you.
You were very full.

You visited 1 branch of the dungeon, and saw 6 of its levels.
You also visited: Sewer.

You collected 290 gold pieces.

Inventory:

Hand Weapons
 u - a +0 blowgun
 x - a +6 flail of holy wrath (weapon)
Missiles
 b - 27 bolts
 e - 53 stones (quivered)
 o - 2 throwing nets
 t - 56 poisoned needles
 C - 7 silver javelins
Armour
 A - a +1 chain mail of poison resistance (worn)
Jewellery
 d - a ring of protection from cold (left hand)
 k - an amulet of the gourmand (around neck)
 m - a ring of protection from fire (right hand)
Wands
 y - a wand of acid (8)
Scrolls
 h - 2 scrolls of enchant weapon {unknown}
 i - a scroll of immolation {unknown}
 j - 2 scrolls of teleportation
 l - 4 scrolls of remove curse
 n - a scroll of blinking {unknown}
 q - 3 scrolls of fog
 w - 2 scrolls of magic mapping
 z - a scroll of noise {unknown}
Potions
 c - a potion of haste {unknown}
 f - 2 potions of curing
 g - a potion of might {unknown}
 p - 2 potions of mutation {unknown}
 r - a potion of degeneration {unknown}
 s - a potion of brilliance {unknown}
 v - 2 potions of magic {unknown}
Comestibles
 a - 7 rations
 B - 2 chunks of flesh


   Skills:
 + Level 6.4 Fighting
   Level 7.8 Long Blades
 + Level 3.5 Maces & Flails
   Level 4.7 Polearms
 + Level 6.9 Throwing
 + Level 6.9 Armour
 + Level 4.2 Dodging
 + Level 1.2 Stealth


You had 8 spell levels left.
You didn't know any spells.
Your spell library contained the following spells:

 Spells                   Type           Power        Failure   Level  Hunger
 Beastly Appendage        Tmut           #.....       98%         1    ##.....
 Sticks to Snakes         Tmut           #.......     99%         2    ###....
 Spider Form              Tmut/Pois      #.........   100%        3    ####...
 Ice Form                 Ice/Tmut       #.......     100%        4    #####..
 Blade Hands              Tmut           #.........   100%        5    ######.


Dungeon Overview and Level Annotations

Branches:
Dungeon (6/15)             Temple (0/1) D:5

Altars:
Ashenzari
Elyvilon
Gozag
Qazlal
Yredelemnul
The Shining One


Innate Abilities, Weirdness & Mutations

You reflexively headbutt those who attack you in melee.
You have a pair of horns on your head.


Message History

Trog accepts your kill. Something hits you but does no damage.
You hear some strange, mumbled words.
A magic dart appears from out of thin air!
The magic dart hits you!
* * * LOW HITPOINT WARNING * * *
Something hits you but does no damage.
Something hits the freed slave.
The freed slave barely misses something.
Things that are here:
a +1 whip of electrocution; a +2 robe; a +0 animal skin You hear some strange, mumbled words.
A puff of flame appears from out of thin air!
The puff of flame hits you. You resist.
* * * LOW HITPOINT WARNING * * *
Something hits the freed slave.
A puff of flame appears from out of thin air!
The puff of flame hits something.
Something hits you.
* * * LOW HITPOINT WARNING * * *
You are electrocuted!!
You die...

.> .. #. .. #.########
#........#
#.#.##p####.#############
..()(().)@...<..........#
#.#((#{################.#
# ... #...#.# #.._.
#.#.#.# #.#.. #<#.#.#
#.#.. #.#.#.# # ...
#...#.# ... #.###.#
#.....#


You could see a neutral freed slave (wandering).

Vanquished Creatures
  Pikel (D:6)
  Sigmund (D:3)
  Edmund (D:5)
  2 ice beasts (D:5)
  A slave (D:6)
  A phantom (D:4)
  A centaur (D:5)
  6 big kobolds (Sewer)
  A bullfrog (D:6)
  A gnoll sergeant (D:4)
  A scorpion (D:6)
  A crimson imp (D:5)
  A bullfrog zombie (D:5)
  2 gnoll shamans (D:4)
  4 jellies
  An orc wizard (D:6)
  4 hounds
  An iguana (D:5)
  3 worker ants
  38 gnolls (D:4)
  14 adders
  2 river rats (Sewer)
  A shadow imp (D:6)
  13 oozes
  7 worms
  A dart slug (D:2)
  4 leopard geckos
  10 orcs
  5 ball pythons (Sewer)
  6 bats
  4 giant cockroaches
  8 goblins
  8 hobgoblins
  16 jackals
  18 kobolds
  A quokka (D:3)
  7 frilled lizards
  A giant cockroach zombie (D:5)
  A leopard gecko skeleton (D:5)
  A quokka skeleton (D:5)
  9 rats
209 creatures vanquished.

Vanquished Creatures (others)
  An orc priest (D:6)
  An orc (D:6)
  6 toadstools (D:3)
8 creatures vanquished.

Grand Total: 217 creatures vanquished

Notes
Turn   | Place    | Note
-------+----------+-------------------------------------------
     0 | D:1      | MrMeerkat the Minotaur Berserker began the quest for the
                  | Orb.
     0 | D:1      | Reached XP level 1. HP: 19/19 MP: 0/0
   252 | D:1      | Reached XP level 2. HP: 27/27 MP: 1/1
   307 | D:1      | Reached skill level 4 in Long Blades
   760 | D:1      | Reached XP level 3. HP: 33/33 MP: 2/2
  1162 | D:2      | Reached ** piety under Trog
  1199 | D:2      | Reached XP level 4. HP: 33/41 MP: 3/3
  1326 | D:2      | Reached skill level 5 in Long Blades
  1683 | D:3      | Found a shattered altar of Ashenzari.
  1737 | D:3      | Found an opulent altar of Gozag.
  1737 | D:3      | Noticed Sigmund
  1744 | D:3      | Killed Sigmund
  1744 | D:3      | Reached XP level 5. HP: 41/47 MP: 4/4
  1798 | D:3      | Reached XP level 6. HP: 52/53 MP: 5/5
  1996 | D:3      | Found a stormy altar of Qazlal.
  2118 | D:3      | Found a glowing drain.
  2127 | Sewer    | Entered a sewer
  2165 | Sewer    | Reached skill level 6 in Long Blades
  2297 | Sewer    | Reached XP level 7. HP: 56/60 MP: 6/6
  2641 | Sewer    | Reached *** piety under Trog
  2656 | Sewer    | Reached skill level 5 in Fighting
  2656 | Sewer    | Reached skill level 5 in Armour
  3077 | D:3      | Reached skill level 7 in Long Blades
  3362 | D:4      | Reached XP level 8. HP: 53/68 MP: 7/7
  3387 | D:4      | Reached **** piety under Trog
  3521 | D:4      | Reached skill level 5 in Throwing
  3550 | D:4      | Reached skill level 1 in Polearms
  3927 | D:4      | Got a transparent robe
  4140 | D:4      | Received a gift from Trog
  4475 | D:5      | Entered Level 5 of the Dungeon
  4515 | D:5      | Found a glowing golden altar of the Shining One.
  4536 | D:5      | Reached skill level 1 in Stealth
  4545 | D:5      | Noticed Edmund
  4554 | D:5      | Killed Edmund
  4561 | D:5      | Reached XP level 9. HP: 75/75 MP: 8/8
  4648 | D:5      | Reached ***** piety under Trog
  4974 | D:5      | Found a staircase to the Ecumenical Temple.
  5024 | D:5      | Found a basalt altar of Yredelemnul.
  5293 | D:6      | Reached skill level 1 in Maces & Flails
  5323 | D:6      | Received a gift from Trog
  5359 | D:6      | Noticed Pikel
  5378 | D:6      | Killed Pikel
  5380 | D:6      | Found a white marble altar of Elyvilon.
  5397 | D:6      | Slain by an orc wizard

Skill      XL: |  1  2  3  4  5  6  7  8  9 |
---------------+----------------------------+-----
Long Blades    | 4 5 6 7 |  7.8
Fighting       | 4 5 6 |  6.4
Throwing       | 2 3 4 5 6 |  6.9
Armour         | 3 4 5 6 |  6.9
Dodging        | 3 4 |  4.2
Polearms       | 4 |  4.7
Stealth        | 1 |  1.2
Maces & Flails | 3 |  3.5

Action                   |  1- 3 |  4- 6 |  7- 9 || total
-------------------------+-------+-------+-------++-------
Melee: Falchion          |    57 |   116 |   167 ||   340
       Headbutt          |    11 |    17 |    59 ||    87
       Halberd           |       |       |   127 ||   127
       Flail             |       |       |    53 ||    53
Throw: Stone             |    33 |    68 |   197 ||   298
Invok: Berserk           |       |     2 |     5 ||     7
       Trog's Hand       |       |     1 |     5 ||     6
  Use: Scroll            |     3 |     1 |     7 ||    11
       Potion            |       |       |     3 ||     3
 Stab: Distracted        |       |       |     1 ||     1
  Eat: Ration            |     1 |     1 |     4 ||     6
       Chunk             |       |     2 |    15 ||    17
Armor: Animal skin       |    11 |       |       ||    11
       Ring mail         |     3 |     6 |       ||     9
       Chain mail        |       |    47 |   210 ||   257
       Skin              |       |       |    87 ||    87
Dodge: Dodged            |    28 |    48 |   171 ||   247
       Rpst.: Falchion   |     5 |    14 |    16 ||    35
